 Dungeon Crawl Stone Soup version 0.21-a0-437-ge5bf024 (webtiles) character file.

70730 tof the Stickfighter (level 14, -6/129 HPs)
             Began as a Minotaur Gladiator on Nov 9, 2017.
             Was the Champion of Okawaru.
             Killed from afar by a smoke demon (14 damage)
             ... with a ball of steam
             ... summoned by an orc high priest
             ... on level 2 of the Orcish Mines.
             The game lasted 01:14:30 (18144 turns).

tof the Stickfighter (Minotaur Gladiator)          Turns: 18144, Time: 01:14:31

Health: -6/129     AC: 16    Str: 20    XL:     14   Next: 95%
Magic:  11/11      EV: 19    Int:  7    God:    Okawaru [******]
Gold:   1611       SH:  0    Dex: 19    Spells: 13/13 levels left

rFire    . . .     SeeInvis .   u - +8 lajatang (vamp)
rCold    + . .     Gourm    .   (shield currently unavailable)
rNeg     . . .     Faith    .   Z - +0 scale mail {rC+}
rPois    .         Spirit   .   (helmet unavailable)
rElec    .         Reflect  .   X - -2 cloak of the Soldier {Dex+3 Slay+2}
rCorr    .         Harm     .   (no gloves)
MR       ++...                  i - +2 pair of boots
Stlth    ..........             g - amulet of regeneration
HPRegen  0.71/turn              T - +2 ring of protection
MPRegen  0.12/turn              y - +3 ring of slaying

@: liquid flames, about to teleport, glowing
A: retaliatory headbutt, horns 3, iridescent scales 1, clever 1, low mp 1, magic
resistance 1
a: Heroism, Finesse, Renounce Religion


You were on level 2 of the Orcish Mines.
You worshipped Okawaru.
Okawaru was exalted by your worship.
You were not hungry.

You visited 4 branches of the dungeon, and saw 20 of its levels.

You collected 1725 gold pieces.
You spent 114 gold pieces at shops.

Inventory:

Hand Weapons
 u - a +8 vampiric lajatang (weapon)
 v - a +4 quarterstaff
 w - a +1 quarterstaff of crushing
 C - the +5 quarterstaff of Equilibrium {crush, rN++ Str+7 Dex-2}
   (Okawaru gifted it to you on level 4 of the Lair of Beasts)

   It inflicts extra damage upon your enemies.
   It affects your strength (+7).
   It affects your dexterity (-2).
   It greatly protects you from negative energy.
Missiles
 d - 3 throwing nets
 q - 11 steel javelins
 x - 5 silver tomahawks
 A - 2 poisoned javelins (quivered)
 P - 6 javelins of penetration
 R - 8 javelins
Armour
 i - a +2 pair of boots (worn)
 D - a scarf of cloud immunity
 X - the -2 cloak of the Soldier (worn) {Dex+3 Slay+2}
   (You found it on level 6 of the Lair of Beasts)

   It affects your dexterity (+3).
   It affects your accuracy and damage with ranged weapons and melee attacks
   (+2).
 Z - a +0 scale mail of cold resistance (worn)
Jewellery
 b - an uncursed ring of positive energy
 g - an amulet of regeneration (around neck)
 t - an uncursed ring of wizardry
 y - a +3 ring of slaying (right hand)
 K - an uncursed amulet of rage
 T - a +2 ring of protection (left hand)
Wands
 I - a wand of clouds (4/9)
 J - a wand of digging (8/24)
Scrolls
 e - 9 scrolls of teleportation
 o - 5 scrolls of fog
 p - 5 scrolls of blinking
 s - 14 scrolls of remove curse
 B - 2 scrolls of identify
 G - a scroll of enchant armour
 S - 4 scrolls of recharging
 U - 2 scrolls of fear
Potions
 h - 3 potions of agility
 k - 3 potions of haste
 l - 4 potions of curing
 m - a potion of berserk rage
 r - a potion of brilliance
 E - 2 potions of magic {unknown}
 F - 2 potions of invisibility
 H - 2 potions of might
 L - 2 potions of resistance {unknown}
 M - 2 potions of flight {unknown}
 O - 2 potions of ambrosia {unknown}
 W - 3 potions of heal wounds {unknown}
Miscellaneous
 N - a lightning rod (4/4)
 V - a sack of spiders
Comestibles
 c - 6 bread rations
 f - 3 fruits
 j - 7 meat rations
 n - 6 royal jellies
 Y - 4 chunks of flesh


   Skills:
 + Level 13.3 Fighting
 - Level 17.0 Staves
 + Level 11.4 Throwing
 + Level 13.2 Armour
 + Level 12.5 Dodging


You had 13 spell levels left.
You didn't know any spells.

Dungeon Overview and Level Annotations

Branches:
Dungeon (11/15)            Temple (1/1) D:6            Lair (6/6) D:11
  Swamp (0/4) Lair:3       Spider (0/4) Lair:3        Slime (0/5) Lair:5
    Orc (2/2) D:10            Elf (0/3) Orc:2

Altars:
Ashenzari
Cheibriados
Dithmenos
Elyvilon
Gozag
Hepliaklqana
Kikubaaqudgha
Makhleb
Nemelex Xobeh
Okawaru
Qazlal
Ru
Sif Muna
Trog
Uskayaw
Vehumet
Wu Jian
Yredelemnul
Zin
The Shining One
Beogh

Shops:
D:4 :   D:8 (   D:11 *   Orc:2 [*??


Innate Abilities, Weirdness & Mutations

You reflexively headbutt those who attack you in melee.
You have a pair of large horns on your head.
You are partially covered in iridescent scales. (AC +2)
Your mind is acute. (Int +2)
Your magical capacity is low. (-10% MP)
You are resistant to hostile enchantments. (MR+)


Message History

Okawaru accepts your kill. The sixfirhy misses you.
The sixfirhy closely misses you.
The smoke demon hits you but does no damage.
The smoke demon closely misses you. The smoke demon barely misses you.
You slash the sixfirhy!
You kill the sixfirhy!
The orc high priest hits you from afar with a glaive.
* * * LOW HITPOINT WARNING * * *
The red devil closely misses you. The smoke demon gestures at you.
The sticky flame hits you!
You are covered in liquid flames!
* * * LOW HITPOINT WARNING * * *
As you read the scroll of teleportation, it crumbles to dust.
You feel strangely unstable.
You are covered in liquid flames!
* * * LOW HITPOINT WARNING * * *
The smoke demon gestures at you. The ball of steam hits you!
You die...

................................#
.................................
#####.###.###.#######.........#.#
._..#.# #.# #.#....∩#...........#
....#.###.###.#..../#............
....#.))......#..)..#............
#)###)###.###.#.))).#............
..)..†# #.# #.###'###............
...8..# #.# #...@...............#
......###.###..##§###............
...............#)o3o#...........#
#.###.#######..#....#..[.........
#.# #.# #..#...∩#............ #.#
#.# #####..######............ ...
...................#......... ..
........................... ##
##################........#


You could see 2 orc high priests and a smoke demon.

Vanquished Creatures
  Kirke (Lair:4)
  A stone giant (Orc:2)
  2 dire elephants
  6 hydras
  Erolcha (D:9)
  3 catoblepae
  2 two-headed ogres
  7 death yaks
  A deep troll shaman (Lair:6)
  5 orc high priests (Orc:2)
  Nergalle (Lair:4)
  Urug (Lair:4)
  An orc knight (Orc:2)
  An oklob plant (Lair:5)
  An ugly thing (D:10)
  A cyclops (D:11)
  2 manticores (D:11)
  32 elephants
  Maurice (Orc:1)
  4 black mambas
  7 spiny frogs
  The ghost of Ratty the Charlatan, a novice GnAr of the Shining One (D:6)
  6 rime drakes
  6 komodo dragons
  A torpor snail (Lair:4)
  The ghost of KristoblXynda the Magician, a novice DECj of Vehumet (D:4)
  6 trolls
  3 polar bears
  Prince Ribbit (D:7)
  17 blink frogs
  11 dream sheep
  9 hippogriffs
  A redback (Lair:3)
  2 spriggans
  32 yaks
  A vampire (D:10)
  2 wyverns
  8 basilisks
  A hungry ghost (D:11)
  A steam dragon (Lair:6)
  A swamp worm (Lair:3)
  7 wargs
  14 water moccasins
  9 porcupines
  3 ice beasts
  3 sky beasts
  3 swamp drakes (Lair:6)
  9 orc warriors
  A hornet zombie (D:8)
  4 phantoms
  7 ogres
  3 necrophages
  24 wolves
  8 centaurs
  8 crocodiles
  Blork the orc (D:5)
  9 bullfrogs
  A scorpion (D:7)
  15 killer bees
  A wyvern skeleton (D:10)
  6 crimson imps
  A quasit (D:10)
  3 bullfrog skeletons
  28 orc priests
  9 hounds
  A centaur skeleton (D:6)
  Jessica (D:3)
  8 orc wizards
  2 iguanas
  Natasha (thrice) (D:3)
  2 hell rats (Lair:1)
  11 worker ants
  A hound zombie (D:6)
  A howler monkey zombie (D:7)
  2 worker ant zombies
  14 adders
  6 river rats (Lair:1)
  2 shadow imps
  An ooze (D:4)
  2 adder zombies
  An adder skeleton (D:4)
  3 dart slugs
  10 leopard geckos
  47 orcs
  10 bats
  3 giant cockroaches
  4 goblins
  4 hobgoblins
  9 jackals
  3 quokkas
  A ball python (D:7)
  A ball python skeleton (D:6)
  5 frilled lizards
  A jackal skeleton (D:6)
  7 kobolds
  A leopard gecko skeleton (D:4)
  A quokka skeleton (D:6)
  10 rats
  A plant (Lair:6)
548 creatures vanquished.

Vanquished Creatures (others)
  A human (Lair:6)
  69 fungi
  30 plants
100 creatures vanquished.

Grand Total: 648 creatures vanquished

Notes
Turn   | Place    | Note
-------+----------+-------------------------------------------
     0 | D:1      | tof the Minotaur Gladiator began the quest for the Orb.
     0 | D:1      | Reached XP level 1. HP: 18/18 MP: 0/0
   233 | D:1      | Reached XP level 2. HP: 25/25 MP: 1/1
   560 | D:2      | Reached skill level 4 in Staves
   584 | D:2      | Reached skill level 1 in Armour
   806 | D:2      | Reached XP level 3. HP: 30/30 MP: 2/2
   892 | D:2      | Found a shattered altar of Ashenzari.
  1252 | D:2      | Found an opulent altar of Gozag.
  1253 | D:2      | Found a sparkling altar of Nemelex Xobeh.
  1258 | D:2      | Found a hide-covered altar of Uskayaw.
  1259 | D:2      | Found a burning altar of Makhleb.
  1396 | D:3      | Noticed Natasha
  1402 | D:3      | Killed Natasha
  1402 | D:3      | Reached XP level 4. HP: 9/38 MP: 3/3
  1686 | D:3      | Reached skill level 5 in Staves
  1702 | D:3      | Reached XP level 5. HP: 20/45 MP: 4/4
  1788 | D:3      | Noticed Natasha
  2236 | D:3      | Noticed Jessica
  2242 | D:3      | Killed Jessica
  2301 | D:3      | Killed Natasha
  2344 | D:3      | Noticed Natasha
  2352 | D:3      | Killed Natasha
  2352 | D:3      | Reached XP level 6. HP: 36/52 MP: 5/5
  2446 | D:4      | Found Qaacu's Book Shoppe.
  2512 | D:4      | Noticed KristoblXynda's ghost (novice DECj)
  2519 | D:4      | Killed KristoblXynda's ghost
  2519 | D:4      | Reached skill level 6 in Staves
  2519 | D:4      | Reached XP level 7. HP: 48/60 MP: 6/6
  3099 | D:5      | Entered Level 5 of the Dungeon
  3315 | D:5      | Reached skill level 7 in Staves
  3562 | D:5      | Reached skill level 5 in Dodging
  3657 | D:5      | Noticed Blork the orc
  3664 | D:5      | Killed Blork the orc
  3664 | D:5      | Reached skill level 5 in Fighting
  3871 | D:6      | Reached XP level 8. HP: 68/68 MP: 7/7
  4039 | D:6      | Noticed Ratty's ghost (novice GnAr)
  4048 | D:6      | Killed Ratty's ghost
  4048 | D:6      | Reached skill level 8 in Staves
  4267 | D:6      | Reached skill level 5 in Armour
  4405 | D:6      | Gained mutation: You are resistant to hostile enchantments. (MR+) [mutagenic meat]
  4427 | D:6      | Found a staircase to the Ecumenical Temple.
  4498 | Temple   | Entered the Ecumenical Temple
  4547 | Temple   | Became a worshipper of Warmaster Okawaru
  4725 | D:6      | Reached skill level 9 in Staves
  4725 | D:6      | Reached skill level 5 in Throwing
  4813 | D:7      | Found an iron altar of Okawaru.
  4824 | D:7      | Reached XP level 9. HP: 54/75 MP: 8/8
  5174 | D:7      | Reached * piety under Okawaru
  5404 | D:7      | Noticed Prince Ribbit
  5407 | D:7      | Killed Prince Ribbit
  5490 | D:7      | Reached ** piety under Okawaru
  5490 | D:7      | Reached skill level 10 in Staves
  6077 | D:8      | Identified the Tome of Torrid Contamination
  6139 | D:8      | Found Ehooll's Weapon Shoppe.
  6167 | D:8      | Reached XP level 10. HP: 86/86 MP: 9/9
  6172 | D:8      | Found a shadowy altar of Dithmenos.
  6330 | D:8      | Gained mutation: Your magical capacity is low. (-10% MP) [mutagenic meat]
  6410 | D:8      | Reached *** piety under Okawaru
  6607 | D:9      | Noticed Erolcha
  6616 | D:9      | Killed Erolcha
  6616 | D:9      | Received a gift from Okawaru
  6616 | D:9      | Reached skill level 11 in Staves
  6669 | D:9      | You fall through a shaft!
  6669 | D:10     | Entered Level 10 of the Dungeon
  6737 | D:10     | Noticed a catoblepas
  6761 | D:10     | Killed a catoblepas
  6761 | D:10     | Reached **** piety under Okawaru
  6939 | D:10     | Found a staircase to the Orcish Mines.
  7010 | D:10     | Noticed a two-headed ogre
  7316 | D:9      | Reached ***** piety under Okawaru
  7774 | D:10     | Killed a two-headed ogre
  7774 | D:10     | Received a gift from Okawaru
  7774 | D:10     | Reached skill level 12 in Staves
  8053 | D:10     | Found a deep blue altar of Sif Muna.
  8128 | D:10     | Noticed a red ugly thing
  8390 | D:10     | Gained mutation: Your mind is acute. (Int +2) [mutagenic meat]
  8391 | D:10     | Gained mutation: You are partially covered in iridescent scales. (AC +2) [mutagenic meat]
  8394 | D:10     | Gained mutation: You have a pair of large horns on your head. [mutagenic meat]
  8425 | D:11     | Reached XP level 11. HP: 79/95 MP: 8/8
  8501 | D:11     | Noticed a two-headed ogre
  8512 | D:11     | Killed a two-headed ogre
  9154 | D:11     | Found a staircase to the Lair.
  9224 | D:11     | Found Xionykk's General Store.
  9571 | D:11     | Reached skill level 13 in Staves
  9626 | D:11     | Received a gift from Okawaru
  9795 | Lair:1   | Entered Level 1 of the Lair of Beasts
  9882 | Lair:1   | Received a gift from Okawaru
 10444 | Lair:1   | Reached XP level 12. HP: 52/106 MP: 9/9
 10559 | Lair:1   | Reached skill level 10 in Fighting
 10839 | Lair:2   | Noticed a four-headed hydra
 10848 | Lair:2   | Killed a four-headed hydra
 10924 | Lair:2   | Reached ****** piety under Okawaru
 10932 | Lair:2   | Reached skill level 14 in Staves
 11034 | Lair:2   | Reached skill level 10 in Armour
 11128 | Lair:2   | Noticed a five-headed hydra
 11140 | Lair:2   | Killed a five-headed hydra
 11531 | Lair:2   | Received a gift from Okawaru
 11564 | Lair:2   | Reached skill level 10 in Dodging
 11610 | Lair:2   | Noticed a dire elephant
 11621 | Lair:2   | Killed a dire elephant
 11636 | Lair:2   | Reached skill level 15 in Staves
 11644 | Lair:2   | Received a gift from Okawaru
 11645 | Lair:2   | Got a twisted scarf {god gift}
 11651 | Lair:2   | Identified the scarf "Mocit" {Int+9} (Okawaru gifted it to you on level 2 of the Lair of Beasts)
 11922 | Lair:2   | Reached XP level 13. HP: 116/116 MP: 10/10
 12459 | Lair:3   | Found a staircase to the Swamp.
 12788 | Lair:3   | Found a hole to the Spider Nest.
 13443 | Lair:4   | Noticed Kirke
 13452 | Lair:4   | Killed Kirke
 13452 | Lair:4   | Received a gift from Okawaru
 13452 | Lair:4   | Reached skill level 10 in Throwing
 13512 | Lair:4   | Reached skill level 16 in Staves
 13656 | Lair:4   | Received a gift from Okawaru
 13678 | Lair:4   | Noticed Nergalle
 13689 | Lair:4   | Killed Nergalle
 14225 | Lair:5   | Noticed Urug
 14233 | Lair:4   | Killed Urug
 14250 | Lair:4   | Received a gift from Okawaru
 14276 | Lair:4   | Got a steaming quarterstaff {god gift}
 14277 | Lair:4   | Identified the +5 quarterstaff of Equilibrium {crush, rN++ Str+7 Dex-2} (Okawaru gifted it to you on level 4 of the Lair of Beasts)
 14604 | Lair:5   | Reached XP level 14. HP: 126/126 MP: 11/11
 14644 | Lair:5   | Received a gift from Okawaru
 14724 | Lair:5   | Received a gift from Okawaru
 15056 | Lair:5   | Found a staircase to the Slime Pits.
 15554 | Lair:6   | Entered Level 6 of the Lair of Beasts
 15714 | Lair:6   | Reached skill level 17 in Staves
 16414 | Lair:6   | Received a gift from Okawaru
 16517 | Lair:6   | Got a spiked cloak
 16528 | Lair:6   | Identified the -2 cloak of the Soldier {Dex+3 Slay+2} (You found it on level 6 of the Lair of Beasts)
 16714 | Lair:6   | Received a gift from Okawaru
 17151 | Orc:1    | Entered Level 1 of the Orcish Mines
 17151 | Orc:1    | Noticed Maurice
 17162 | Orc:1    | Killed Maurice
 17257 | Orc:2    | Entered Level 2 of the Orcish Mines
 17287 | Orc:2    | Found a staircase to the Elven Halls.
 17376 | Orc:2    | Noticed a stone giant
 17385 | Orc:2    | Killed a stone giant
 17799 | Orc:2    | Found a roughly hewn altar of Beogh.
 17808 | Orc:2    | Found Zupsuzya's General Store.
 17808 | Orc:2    | Found Kimneal's Armour Shop.
 18094 | Orc:2    | Found Veninke's Magic Scroll Shop.
 18116 | Orc:2    | Bought 3 scrolls of identify for 72 gold pieces
 18116 | Orc:2    | Bought a scroll of amnesia for 42 gold pieces
 18130 | Orc:2    | Found Qavuagient's Magic Scroll Shoppe.
 18144 | Orc:2    | Killed from afar by a smoke demon

Vault maps used:
D:1:      dpeg_arrival_tiny_c, serial_park_tiny_1,
          corexii_item_surrounded_by_moat
D:2:      old_standard_altar, minitemple, minmay_hexomino_u4
D:3:      uniq_natasha, uniq_jessica
D:4:      minmay_diamond_boxcup, serial_shops, nicolae_shop_stone, first_bread
D:5:      uniq_blork_the_orc
D:6:      temple_hall, minmay_misc_feat_x, minmay_checkerbox
D:7:      basic_altar, the_bakery, uniq_prince_ribbit1
D:8:      lemuel_ice_spiral_2, nicolae_overflow_crystal_walls, serial_shops,
          shop
D:9:      uniq_erolcha
D:10:     hangedman_cross_stitches, orc_0_dummy, tgw_sif
D:11:     david_lair_shrubbed, serial_shops, nicolae_shop_statue_plus
Temple:   kb_temple_of_zot
Lair:1:   lab_entry_generic, kennysheep_rathole, grunt_megastairs_4,
          infiniplex_staircase_pool_2
Lair:2:   mu_elephants_graveyard
Lair:3:   minmay_swamp_entry_worms, spider_nest_entry_webs
Lair:4:   ldierk_geyser, beast_lair_carwin_11, lemuel_fruit_fields,
          uniq_nergalle, uniq_kirke
Lair:5:   minmay_slime_entry_oklob_enclosed, uniq_urug
Lair:6:   grunt_lair_end_beastmaster, guppyfry_lair_drakes
Orc:1:    uniq_maurice
Orc:2:    st_orc_town

Skill      XL: |  1  2  3  4  5  6  7  8  9 10 11 12 13 14 |
---------------+-------------------------------------------+-----
Staves         | 4 5 6 7 9 10 12 13 15 16 17 | 17.0
Armour         | 1 2 3 4 5 6 8 9 10 11 13 | 13.2
Fighting       | 3 4 5 6 7 8 9 11 12 13 | 13.3
Dodging        | 4 5 6 7 8 9 10 11 12 | 12.5
Throwing       | 3 4 5 6 7 8 9 10 11 | 11.4

Action                   |  1- 3 |  4- 6 |  7- 9 | 10-12 | 13-15 || total
-------------------------+-------+-------+-------+-------+-------++-------
Melee: Quarterstaff      |    59 |    71 |   240 |   476 |    12 ||   858
       Headbutt          |     4 |     6 |    48 |   149 |   149 ||   356
       Lajatang          |       |       |       |    71 |   491 ||   562
Throw: Tomahawk          |       |     4 |     5 |       |    10 ||    19
       Javelin           |       |       |       |     8 |   115 ||   123
       Throwing net      |       |       |       |       |     6 ||     6
Invok: Heroism           |       |       |       |       |     1 ||     1
  Use: Scroll            |       |     6 |     3 |     7 |    11 ||    27
 Stab: Petrified         |       |       |       |     1 |       ||     1
       Held in net/web   |       |       |       |       |     1 ||     1
  Eat: Chunk             |       |     5 |     8 |    23 |    15 ||    51
       Bread ration      |       |       |     1 |     2 |     3 ||     6
Armor: Leather armour    |     5 |       |       |       |       ||     5
       Scale mail        |    18 |    31 |    55 |   205 |   220 ||   529
Dodge: Dodged            |    46 |    41 |   137 |   352 |   445 ||  1021

Table legend:
 A = Spawn XP
 B = Non-spawn XP
 C = Spawn XP percentage of total XP
 D = Spawn monster count
 E = Non-spawn monster count
 F = Spawn count percentage of total count
 G = Total turns spent on level
                    A         B        C        D         E        F      G
               +---------+---------+-------+---------+---------+-------+---------
         Total |       0 |  101043 |   0.0 |       0 |     547 |   0.0 | 18144
               +---------+---------+-------+---------+---------+-------+---------
           D:1 |       0 |      16 |   0.0 |       0 |      10 |   0.0 |   548
           D:2 |       0 |      71 |   0.0 |       0 |      18 |   0.0 |  1068
           D:3 |       0 |     302 |   0.0 |       0 |      33 |   0.0 |   806
           D:4 |       0 |     600 |   0.0 |       0 |      22 |   0.0 |   677
           D:5 |       0 |     388 |   0.0 |       0 |      13 |   0.0 |   750
           D:6 |       0 |    1324 |   0.0 |       0 |      18 |   0.0 |   848
           D:7 |       0 |    2148 |   0.0 |       0 |      38 |   0.0 |  1183
           D:8 |       0 |    1350 |   0.0 |       0 |      14 |   0.0 |   629
           D:9 |       0 |    1899 |   0.0 |       0 |      18 |   0.0 |   944
          D:10 |       0 |    3444 |   0.0 |       0 |      24 |   0.0 |   904
          D:11 |       0 |    5841 |   0.0 |       0 |      35 |   0.0 |  1454
        Lair:1 |       0 |    6473 |   0.0 |       0 |      36 |   0.0 |  1037
        Lair:2 |       0 |   16779 |   0.0 |       0 |      44 |   0.0 |  1418
        Lair:3 |       0 |    5187 |   0.0 |       0 |      20 |   0.0 |   890
        Lair:4 |       0 |   15397 |   0.0 |       0 |      41 |   0.0 |  1408
        Lair:5 |       0 |    9628 |   0.0 |       0 |      28 |   0.0 |  1113
        Lair:6 |       0 |   18884 |   0.0 |       0 |      58 |   0.0 |  1376
         Orc:1 |       0 |     912 |   0.0 |       0 |       6 |   0.0 |   106
         Orc:2 |       0 |   10400 |   0.0 |       0 |      71 |   0.0 |   887
               +---------+---------+-------+---------+---------+-------+---------
